 Dungeon Crawl Stone Soup version 0.20.1-1-g8b1a95d (webtiles) character file.

45 KoningWillie the Chucker (level 3, -2/55 HPs)
             Began as an Ogre Hunter on Sept 6, 2017.
             Slain by a goblin
             ... wielding a +0 dagger
             ... led by Robin
              (3 damage)
             ... on level 2 of the Dungeon.
             The game lasted 00:03:23 (1432 turns).

KoningWillie the Chucker (Ogre Hunter)              Turns: 1432, Time: 00:03:23

Health: -2/55      AC:  3    Str: 22    XL:     3   Next: 64%
Magic:  3/3        EV: 10    Int: 12    God:
Gold:   61         SH:  0    Dex:  9    Spells: 2/2 levels left

rFire    . . .     SeeInvis .   a - +0 short sword
rCold    . . .     Gourm    .   (no shield)
rNeg     . . .     Faith    .   b - +0 robe
rPois    .         Spirit   .   (helmet restricted)
rElec    .         Reflect  .   (no cloak)
rCorr    .         Harm     .   (gloves unavailable)
MR       .....                  (boots unavailable)
Stlth    ..........             (no amulet)
Regen    0.2/turn               (no ring)
MPRegen  0.1/turn               (no ring)

@: berserking (expiring), very quick
A: unfitting armour, tough skin 1
a: no special abilities


You were on level 2 of the Dungeon.
You were not hungry.

You visited 1 branch of the dungeon, and saw 2 of its levels.

You collected 61 gold pieces.

Inventory:

Hand Weapons
 a - a +0 short sword (weapon)
Missiles
 c - 5 large rocks (quivered)
 d - 2 throwing nets
Armour
 b - a +0 robe (worn)
Jewellery
 l - an uncursed ring of protection from cold {unknown}
 o - an uncursed ring of fire
Scrolls
 e - a scroll of enchant armour {unknown}
 i - a scroll of enchant weapon {unknown}
 j - a scroll of remove curse {unknown}
 k - a scroll of immolation {unknown}
 n - a scroll of recharging {unknown}
 r - a scroll of blinking {unknown}
Potions
 h - a potion of might {unknown}
 m - a potion of haste {unknown}
 p - a potion of curing {unknown}
 q - a potion of brilliance {unknown}
Comestibles
 f - 2 bread rations


   Skills:
 + Level 3.0 Fighting
 + Level 0.8 Short Blades
 + Level 4.7 Throwing
 + Level 2.0 Dodging
 + Level 0.7 Stealth


You had 2 spell levels left.
You didn't know any spells.

Dungeon Overview and Level Annotations

Branches:
Dungeon (2/15)

Altars:
Uskayaw

Annotations:
D:2 Robin


Innate Abilities, Weirdness & Mutations

You are too large for most types of armour.
You have tough skin. (AC +1)


Message History

The goblin shoots a stone.
The stone hits you but does no damage.
You are too berserk!
Robin throws the goblin at you!
* * * LOW HITPOINT WARNING * * *
The goblin unwields an uncursed hunting sling.
The goblin wields an uncursed dagger.
The goblin hits you but does no damage.
Items here: )))))) † You miss the goblin.
The goblin hits you with a club.
* * * LOW HITPOINT WARNING * * *
You miss the goblin. The goblin closely misses you.
The goblin hits you with a club.
* * * LOW HITPOINT WARNING * * *
You completely miss the goblin.
The goblin hits you with an uncursed dagger.
* * * LOW HITPOINT WARNING * * *
You barely miss the goblin. The goblin closely misses you.
You hit the goblin.
The goblin is moderately wounded.
The goblin hits you with an uncursed dagger.
You die...

#.# #.# #.
#.####.##### #.
##.#.........
#.
#.....#.#######
#. ##.##.#.#
..... #.
#......#.....>
#.
####.###......
#.
#####..........
#.
#g@gg..........
#.
#########......
#. ..gg. ##


gS.. ... ## You could see Robin and 2 goblins.

Vanquished Creatures
  An adder (D:2)
  An ooze (D:2)
  4 leopard geckos (D:1)
  A giant cockroach (D:1)
  2 hobgoblins (D:1)
  3 kobolds
  3 frilled lizards (D:1)
  9 goblins
  4 rats
28 creatures vanquished.

Notes
Turn   | Place    | Note
-------+----------+-------------------------------------------
     0 | D:1      | KoningWillie the Ogre Hunter began the quest for the Orb.
     0 | D:1      | Reached XP level 1. HP: 22/22 MP: 1/1
   158 | D:1      | Reached XP level 2. HP: 4/29 MP: 2/2
  1262 | D:2      | Found a hide-covered altar of Uskayaw.
  1340 | D:2      | Reached XP level 3. HP: 36/36 MP: 3/3
  1404 | D:2      | Noticed Robin
  1429 | D:2      | HP: 1/55 [goblin/club[Robin] (4)]
  1432 | D:2      | Slain by a goblin

Skill      XL: |  1  2  3 |
---------------+----------+-----
Dodging        | 2 |  2.0
Fighting       | 3 |  3.0
Short Blades   | |  0.8
Throwing       | |  4.7
Stealth        | |  0.7

Action                   || total
-------------------------++-------
Melee: Short sword       ||    87
Throw: Large rock        ||    10
       Throwing net      ||     2
  Use: Scroll            ||     1
       Potion            ||     1
 Stab: Sleeping          ||     2
  Eat: Meat ration       ||     1
Armor: Robe              ||    23
Dodge: Dodged            ||    32
